 Dungeon Crawl Stone Soup version 0.23.2-40-g277498a001 (webtiles) character file.

Game seed: 15007109673729013160

162 Marnok the Shield-Bearer (level 5, -5/47 HPs)
             Began as a Minotaur Fighter on Oct 6, 2019.
             Killed by divine providence
             ... invoked by a daeva
              (13 damage)
             ... on level 1 of the Abyss.
             The game lasted 00:08:37 (2381 turns).

Marnok the Shield-Bearer (Minotaur Fighter)         Turns: 2381, Time: 00:08:38

Health: -5/47      AC:  7    Str: 22    XL:     5   Next: 19%
Magic:  4/4        EV:  6    Int:  5    God:
Gold:   197        SH: 14    Dex:  9    Spells: 4/4 levels left

rFire    . . .     SeeInvis .   q - +0 spear (pierce)
rCold    . . .     Gourm    .   k - +0 large shield
rNeg     . . .     Faith    .   b - +0 scale mail
rPois    .         Spirit   .   (helmet restricted)
rElec    .         Reflect  .   (no cloak)
rCorr    +         Harm     .   (no gloves)
MR       .....                  (no boots)
Stlth    ..........             (no amulet)
HPRegen  0.15/turn              s - ring of resist corrosion
MPRegen  0.09/turn              (no ring)

@: glowing
A: retaliatory headbutt, horns 2
a: no special abilities


You were on level 1 of the Abyss.
You were not hungry.

You visited 1 branch of the dungeon, and saw 5 of its levels.
You visited the Abyss 1 time.

You collected 197 gold pieces.

Inventory:

Hand Weapons
 q - a +0 spear of piercing (weapon)
Armour
 b - a +0 scale mail (worn)
 k - a +0 large shield (worn)
 w - a +2 robe of cold resistance
Jewellery
 c - an uncursed ring of resist corrosion
 s - a ring of resist corrosion (left hand)
Scrolls
 a - 5 scrolls of identify
 e - 2 scrolls of teleportation
 g - 2 scrolls of fear
 j - a scroll of fog {unknown}
 n - 2 scrolls of remove curse
 t - a scroll of enchant weapon {unknown}
 v - a scroll of noise {unknown}
Potions
 d - 2 potions of might
 h - a potion of curing
 i - a potion of resistance
 l - 3 potions of heal wounds {unknown}
 m - a potion of brilliance {unknown}
 o - a potion of degeneration {unknown}
 p - a potion of haste
 r - 2 potions of lignification
 u - a potion of ambrosia {unknown}
Comestibles
 f - 7 rations
 x - 4 chunks of flesh


   Skills:
 + Level 4.3 Fighting
   Level 2.9 Long Blades
 + Level 2.1 Polearms
 + Level 4.1 Armour
 + Level 1.5 Dodging
 + Level 0.9 Stealth
 + Level 5.0 Shields


You had 4 spell levels left.
You didn't know any spells.
Your spell library was empty.

Dungeon Overview and Level Annotations

Branches:
Dungeon (5/15)
 Temple: D:4-7

Altars:


Innate Abilities, Weirdness & Mutations

You reflexively headbutt those who attack you in melee.
You have a pair of horns on your head.


Message History

Something tries to affect you, but you resist.
Something completely misses you.
You completely miss something.
The orc priest invokes the aid of Beogh against you.
Beogh smites you! Something hits you. Space bends around you.
You miss something. Something hits you but does no damage.
You are cast into the Abyss!
To return, you must find a gate leading back.
Killing monsters will force the Abyss to allow you passage.
This branch contains the abyssal rune of Zot.
Reactivating autopickup.
Found 34 gold pieces.
You now have 197 gold pieces (gained 34).
A daeva comes into view.
It is wielding a +4 eudemon blade of holy wrath.
You block the daeva's attack.
The daeva hits you with a +4 eudemon blade of holy wrath!
* * * LOW HITPOINT WARNING * * *
The daeva calls down the wrath of the Shining One upon you.
The Shining One smites you!
You die...

###.....##
.##.#..#.#.#######
..#
...#..............
. .
##..#.#........##.
...#....#...#.#
.........# .#.#
..#.##..#..#.......
#...A.........#..#
##@...##.##.##
#.......### ...
##.#....# . .#
#.##.#.# #... #.
#..... . . #.
....... #. ...###
.# ..#


You could see a daeva.

Vanquished Creatures
  Blork the orc (D:4)
  3 adders
  A dart slug (D:1)
  A leopard gecko (D:1)
  8 orcs
  6 bats
  7 goblins
  7 hobgoblins
  5 jackals
  2 quokkas (D:3)
  5 frilled lizards
  6 kobolds
  4 rats
56 creatures vanquished.

Notes
Turn   | Place    | Note
-------+----------+-------------------------------------------
     0 | D:1      | Marnok the Minotaur Fighter began the quest for the Orb.
     0 | D:1      | Reached XP level 1. HP: 19/19 MP: 0/0
   248 | D:2      | Reached XP level 2. HP: 23/27 MP: 1/1
   503 | D:1      | Reached skill level 4 in Shields
  1002 | D:2      | Reached XP level 3. HP: 23/33 MP: 2/2
  1449 | D:5      | Entered Level 5 of the Dungeon
  1516 | D:3      | Reached skill level 1 in Polearms
  1619 | D:3      | Reached XP level 4. HP: 40/40 MP: 3/3
  1972 | D:3      | Reached skill level 1 in Dodging
  2147 | D:4      | Noticed Blork the orc
  2161 | D:4      | Killed Blork the orc
  2161 | D:4      | Reached XP level 5. HP: 36/47 MP: 4/4
  2247 | D:4      | Reached skill level 5 in Shields
  2366 | D:4      | Cast into level 1 of the Abyss (orc wizard)
  2373 | Abyss:1  | Noticed a daeva
  2381 | Abyss:1  | Killed from afar by a daeva

Skill      XL: |  1  2  3  4  5 |
---------------+----------------+-----
Shields        | 4 5 |  5.0
Fighting       | 4 |  4.3
Armour         | 4 |  4.1
Polearms       | 1 2 |  2.1
Dodging        | 1 |  1.5
Long Blades    | |  2.9
Stealth        | |  0.9

Action                   |  1- 3 |  4- 6 || total
-------------------------+-------+-------++-------
Melee: Long sword        |    54 |       ||    54
       Headbutt          |    14 |     9 ||    23
       Spear             |    70 |    75 ||   145
  Use: Scroll            |     9 |       ||     9
  Eat: Chunk             |     2 |     3 ||     5
Armor: Scale mail        |    55 |    13 ||    68
Dodge: Dodged            |    24 |     7 ||    31
Block: Shield            |    12 |       ||    12
       Large shield      |    77 |    55 ||   132
       Rpst.: Long sword |     5 |       ||     5
